 Dungeon Sprint DCSS version 0.18-a0-1195-g77a4f03 (webtiles) character file.

32 Kidiri the Fighter (level 6, 0/93 HPs)
             Began as a Minotaur Fighter on Jan 29, 2016.
             Succumbed to a spiny frog's poison
             ... in the Dungeon (Sprint VI: "Thunderdome").
             The game lasted 00:04:26 (393 turns).

Kidiri the Fighter (Minotaur Fighter)                Turns: 393, Time: 00:04:26

Health: 0/93       AC:  8    Str: 27    XL:     6   Next: 48%
Magic:  4/7        EV: 10    Int:  5    God:
Gold:   250        SH: 11    Dex: 10    Spells: 0 memorised, 5 levels left

rFire  . . .     SeeInvis .     a - +0 flail
rCold  . . .     Gourm    .     b - +0 scale mail
rNeg   . . .     Faith    .     c - +0 shield
rPois  .         Spirit   .     (helmet restricted)
rElec  .         Dismiss  .     (no cloak)
rCorr  .         Reflect  .     (no gloves)
SustAt .         Harm     .     (no boots)
MR     .....     NoTele   +     (no amulet)
Stlth  ..........               (no ring)
                                (no ring)

@: berserking (expiring), lethally poisoned (0 -> -29), very quick, not
resistant to hostile enchantments, extremely unstealthy
A: retaliatory headbutt, horns 2
a: no special abilities


You were in the Dungeon.
You were not hungry.

You visited 1 branch You collected 250 gold pieces.

Inventory:

Hand Weapons
 a - a +0 flail (weapon)
Armour
 b - a +0 scale mail (worn)
 c - a +0 shield (worn)
Wands
 l - a wand of draining (5/15)
 m - a wand of fireball (5/15)
Scrolls
 k - 4 scrolls of blinking
 n - 3 scrolls of fog
Potions
 d - a potion of might
 e - a potion of curing
 g - 3 potions of heal wounds
 h - 4 potions of haste
 i - 2 potions of magic
 o - a potion of resistance
Comestibles
 f - a bread ration
 p - 8 chunks of flesh


   Skills:
 * Level 8.4 Fighting
 * Level 7.8 Maces & Flails
 * Level 8.3 Armour
 + Level 4.5 Dodging
 * Level 8.3 Shields
 + Level 3.8 Evocations


You had 5 spell levels left.
You didn't know any spells.

Dungeon Overview and Level Annotations

Branches:
Dungeon (1/1)

Altars:
Cheibriados
Dithmenos
Fedhas
Gozag
Kikubaaqudgha
Makhleb
Okawaru
Pakellas
Qazlal
Ru
Sif Muna
Trog
Vehumet
Xom
Yredelemnul
Zin
The Shining One
Jiyva
Lugonu

Shops:
D *[%??*?*:[((!!!!


Innate Abilities, Weirdness & Mutations

You reflexively headbutt those who attack you in melee.
You have a pair of horns on your head.


Message History

* * * LOW HITPOINT WARNING * * *
You feel sick.
You are too berserk!
Unknown command.
You barely miss the spiny frog.
You hit the spiny frog but do no damage.
Your headbutt misses the spiny frog.
* * * LOW HITPOINT WARNING * * *
You feel sick. The spiny frog stings you.
* * * LOW HITPOINT WARNING * * *
You barely miss the spiny frog. You headbutt the spiny frog!!
The spiny frog is heavily wounded.
* * * LOW HITPOINT WARNING * * *
You feel sick. The spiny frog stings you.
* * * LOW HITPOINT WARNING * * *
You are more poisoned.
The spiny frog poisons you!
You barely miss the spiny frog.
The spiny frog is heavily wounded.
You die...

#_......._# #........_#
###.........### #⌠...........⌠#
######.8.........8.######
##∩__.......###.......__∩##
###∩........8.# #F8........∩###
#.....[.......###FFF..........##
⌠..........###..@###..........⌠#
⌠.....÷....# #.<.# #..........⌠#
⌠..........###...###..........⌠#
#.............###.............##
###∩........8.# #.8........∩###
##∩___......###......___∩##
######.8.........8F######
#⌠...........§# ###.........###


You could see a spiny frog and 3 giant frogs.

Vanquished Creatures
  A spiny frog (D)
  A giant frog (D)
  Jessica (D)
  A goblin (D)
  6 ball pythons (D)
  A giant newt (D)
11 creatures vanquished.

Notes
Turn   | Place    | Note
--------------------------------------------------------------
     0 | D        | Kidiri the Minotaur Fighter began the quest for the Orb.
     0 | D        | Reached XP level 1. HP: 19/19 MP: 0/0
     1 | D        | Found a shadowy altar of Dithmenos.
     2 | D        | Found a shimmering altar of Xom.
     2 | D        | Found a blossoming altar of Fedhas.
     3 | D        | Found a glowing silver altar of Zin.
     4 | D        | Found an iron altar of Okawaru.
     4 | D        | Found Ydo Qothuorch's Staff Store.
     4 | D        | Found Xuin's Magic Scroll Shop.
     5 | D        | Found Luylacs's Must-Have Magic.
     5 | D        | Found Rueteul's Magic Scroll Shop.
     5 | D        | Round 1.
    11 | D        | Found an ancient bone altar of Kikubaaqudgha.
    24 | D        | Noticed Jessica
    25 | D        | Found a corrupted altar of Lugonu.
    25 | D        | Found Gedynata's Bee Food.
    25 | D        | Found Ylloutuw's Jewellery.
    26 | D        | Found Cutyh's Advanced Armour.
    27 | D        | Found a snail-covered altar of Cheibriados.
    27 | D        | Found a deep blue altar of Sif Muna.
    27 | D        | Found a burning altar of Makhleb.
    27 | D        | Found Hyf Gyon's Identification Station.
    30 | D        | Killed Jessica
    30 | D        | Reached skill level 4 in Fighting
    30 | D        | Reached skill level 1 in Dodging
    30 | D        | Reached skill level 1 in Evocations
    30 | D        | Reached XP level 2. HP: 10/28 MP: 0/2
    39 | D        | Found a viscous altar of Jiyva.
    41 | D        | Found a bloodstained altar of Trog.
    43 | D        | Found Uphyvvu's Premium Goods.
    45 | D        | Found an oddly glowing altar of Pakellas.
    45 | D        | Found a radiant altar of Vehumet.
    45 | D        | Found a sacrificial altar of Ru.
    45 | D        | Found Kuiwk's Weapon Rack.
    47 | D        | Found Buime's Miscellaneous Merchandise.
    47 | D        | Found Giutuanu's Basic Armour.
    51 | D        | Found a basalt altar of Yredelemnul.
    52 | D        | Found an opulent altar of Gozag.
    65 | D        | Found a glowing golden altar of the Shining One.
    65 | D        | Found Muoq's Do-It-Yourself Clinic.
    67 | D        | Found a stormy altar of Qazlal.
    67 | D        | Found Nisyigg's Distillery.
    68 | D        | Found Aloin's Bottled Wisdom.
    68 | D        | Found Uviskuang's Distillery.
   194 | D        | Arena points: 4 (+4) [x1]
   209 | D        | Round 2.
   214 | D        | Reached XP level 3. HP: 33/35 MP: 3/3
   239 | D        | Reached skill level 5 in Fighting
   299 | D        | Arena points: 32 (+28) [x2]
   370 | D        | Round 3.
   371 | D        | Noticed a giant frog
   371 | D        | Noticed a giant frog
   375 | D        | Noticed a giant frog
   375 | D        | Noticed a giant frog
   375 | D        | Noticed a spiny frog
   376 | D        | Noticed a spiny frog
   382 | D        | Killed a giant frog
   382 | D        | Reached skill level 6 in Fighting
   382 | D        | Reached skill level 5 in Maces & Flails
   382 | D        | Reached skill level 5 in Armour
   382 | D        | Reached skill level 5 in Shields
   382 | D        | Reached XP level 4. HP: 32/44 MP: 4/4
   389 | D        | Killed a spiny frog
   389 | D        | Reached skill level 8 in Fighting
   389 | D        | Reached XP level 5. HP: 8/56 MP: 4/6
   389 | D        | Reached XP level 6. HP: 8/62 MP: 4/7
   391 | D        | HP: 4/93 [spiny frog (2)]
   393 | D        | Succumbed to a spiny frog's poison

Vault maps used:
D:        arena_sprint

Action                   |  1- 3 |  4- 6 || total
-------------------------+-------+-------++-------
Melee: Flail             |    25 |     9 ||    34
  Use: Potion            |     1 |     1 ||     2
